 Dungeon Crawl Stone Soup version 0.21.1-1-g345015f (webtiles) character file.

285894 microfolk the Hoplite (level 20, -16/136 HPs)
             Began as a Gargoyle Fighter on May 9, 2018.
             Was the Champion of Cheibriados.
             Demolished by a stone giant (23 damage)
             ... on level 3 of the Vaults.
             The game lasted 01:51:21 (37238 turns).

microfolk the Hoplite (Gargoyle Fighter)           Turns: 37238, Time: 01:51:22

Health: -16/136    AC: 51    Str: 31 (33) XL:     20   Next: 62%
Magic:  21/29      EV:  8    Int: 30 (31) God:    Cheibriados [******]
Gold:   2461       SH: 34    Dex: 26      Spells: 11/27 levels left

rFire    + . .     SeeInvis +   N - +8 mace "Zuettat" {vamp, +Blink rPois rC-}
rCold    + . .     Gourm    .   e - +4 large shield of Immorality {rElec rPois Str-5}
rNeg     + . .     Faith    .   Z - +8 plate armour of the First Beds {*Slow +Inv Int+3}
rPois    ∞         Spirit   .   E - +1 helmet {SInv}
rElec    +         Reflect  +   v - +1 cloak
rCorr    .         Harm     .   q - +1 pair of gloves
MR       +....                  B - +1 pair of boots "Caigav" {+Inv}
Stlth    ..........             V - +4 amulet of reflection
HPRegen  0.32/turn              d - ring "Quudeij" {rF+ rC++}
MPRegen  0.21/turn              X - +5 ring of slaying

@: very slightly contaminated, very slow
A: big wings, deterioration 1, negative energy resistance 1, electricity
resistance, unbreathing, petrification resistance, rot immunity, AC +15
}: 2/15 runes: decaying, serpentine
a: Fly, Bend Time, Temporal Distortion, Slouch, Step From Time, Renounce
Religion, Evoke Blink, Evoke Invisibility


You were on level 3 of the Vaults.
You worshipped Cheibriados.
Cheibriados was exalted by your worship.
You were not hungry.

You visited 7 branches of the dungeon, and saw 35 of its levels.
You visited the Abyss 1 time.
You also visited: Labyrinth and Ice Cave.

You collected 3744 gold pieces.
You spent 1283 gold pieces at shops.

Inventory:

Hand Weapons
 N - the +8 mace "Zuettat" (weapon) {vamp, +Blink rPois rC-}
   (You bought it in a shop on level 2 of the Orcish Mines)

   It inflicts no extra harm, but heals its wielder when it wounds a living foe.
   It makes you vulnerable to cold.
   It protects you from poison.
   It lets you blink.
Missiles
 r - 4 throwing nets (quivered)
Armour
 e - the +4 large shield of Immorality (worn) {rElec rPois Str-5}
   (You acquired it on level 3 of the Vaults)

   It affects your strength (-5).
   It insulates you from electricity.
   It protects you from poison.
 q - a +1 pair of gloves (worn)
 v - a +1 cloak (worn)
 B - the +1 pair of boots "Caigav" (worn) {+Inv}
   (You bought it in a shop on level 2 of the Orcish Mines)

   It lets you turn invisible.
 E - a +1 helmet of see invisible (worn)
 Z - the +8 plate armour of the First Beds (worn) {*Slow +Inv Int+3}
   (You took it off a minotaur in a labyrinth)

   It affects your intelligence (+3).
   It lets you turn invisible.
   It may slow you when you take damage.
Jewellery
 a - an uncursed ring of wizardry
 d - the ring "Quudeij" (left hand) {rF+ rC++}
   (You bought it in a shop on level 2 of the Orcish Mines)

   [ring of protection from fire]

   It protects you from fire.
   It greatly protects you from cold.
 F - the ring "Yteesk Aqaxt" {*Corrode rF- rC++ SInv Stlth+}
   (You took it off a minotaur in a labyrinth)

   [ring of see invisible]

   It makes you vulnerable to fire.
   It greatly protects you from cold.
   It lets you see invisible.
   It may corrode you when you take damage.
   It makes you more stealthy.
 V - a +4 amulet of reflection (around neck)
 X - a +5 ring of slaying (right hand)
Wands
 b - a wand of paralysis (20)
 i - a wand of clouds (4)
 y - a wand of disintegration (32)
 J - a wand of digging (10)
 Y - a wand of iceblast (13)
Scrolls
 k - 9 scrolls of remove curse
 m - 6 scrolls of blinking
 n - 5 scrolls of teleportation
 p - 4 scrolls of immolation
 t - 2 scrolls of identify
 u - 5 scrolls of amnesia
 w - 3 scrolls of enchant armour
 x - 2 scrolls of brand weapon
 D - 5 scrolls of enchant weapon
 G - 2 scrolls of silence
 I - 6 scrolls of fog
 L - 2 scrolls of summoning
 P - 3 scrolls of magic mapping
 T - a scroll of holy word
 U - a scroll of fear
Potions
 c - a potion of berserk rage
 g - 2 potions of agility
 h - 18 potions of curing
 l - 2 potions of magic
 o - a potion of cancellation
 z - 3 potions of heal wounds
 A - 5 potions of mutation
 C - 4 potions of ambrosia
 K - 3 potions of brilliance
 M - a potion of invisibility
 Q - a potion of resistance
 R - 2 potions of might
Books
 j - the Handbook of Supportive Toxins
   (You found it in a labyrinth)

   Spells                             Type                      Level
   a - Poisonous Vapours              Poison/Air                   2
   b - Ignite Poison                  Fire/Transmutation/Poison    3
   c - Spider Form                    Transmutation/Poison         3
   d - Summon Demon                   Summoning                    5
   e - Spellforged Servitor           Conjuration/Summoning        7
 W - a book of Battle

   Spells                             Type                      Level
   a - Infusion                       Charms                       1
   b - Shroud of Golubria             Charms/Translocation         2
   c - Song of Slaying                Charms                       2
   d - Spectral Weapon                Hexes/Charms                 3
   e - Regeneration                   Charms/Necromancy            3
Miscellaneous
 s - 2 sacks of spiders
 H - a lightning rod (4/4)
 O - a phantom mirror
Comestibles
 f - 68 rations


   Skills:
 - Level 18.0 Fighting
 - Level 14.0 Maces & Flails
 + Level 16.8 Armour
 * Level 21.7 Shields
 - Level 4.0 Spellcasting
 - Level 6.0 Translocations
 - Level 12.0 Invocations


You had 11 spell levels left.
You knew the following spells:

 Your Spells              Type           Power        Failure   Level  Hunger
a - Blink                 Tloc           N/A          6%          2    None
b - Shatter               Erth           #.........   100%        9    #######
c - Lee's Rapid Deconstr  Erth           #.........   100%        5    #####..


Dungeon Overview and Level Annotations

Branches:
Dungeon (15/15)            Temple (1/1) D:7            Lair (6/6) D:9
  Swamp (4/4) Lair:3        Snake (4/4) Lair:3        Slime (0/5) Lair:6
    Orc (2/2) D:11            Elf (0/3) Orc:2        Vaults (3/5) D:13
  Crypt (0/3) Vaults:2     Depths (0/5) D:15

Altars:
Ashenzari
Cheibriados
Dithmenos
Elyvilon
Fedhas
Gozag
Hepliaklqana
Kikubaaqudgha
Makhleb
Nemelex Xobeh
Okawaru
Qazlal
Ru
Sif Muna
Trog
Uskayaw
Vehumet
Wu Jian
Xom
Yredelemnul
Zin
The Shining One
Beogh

Shops:
Orc:1 *   Orc:2 [(:**   Snake:2 (

Portals:
Trove: D:14 (give +6 demon trident)

Annotations:
D:8 Gastronok
D:10 exclusion: downstairs
D:14 exclusion: 2 downstairs
D:15 exclusion: Roxanne, Roxanne
Orc:1 exclusion: downstairs


Innate Abilities, Weirdness & Mutations

You are resistant to torment.
Your stone body is resilient. (AC +15)
You are immune to poison.
Your large and strong wings let you fly indefinitely.
You resist negative energy. (rN+)
You are resistant to electric shocks. (rElec)
You can survive without breathing.
You are immune to petrification.
You are immune to rotting.
Your body sometimes deteriorates upon taking damage.


Message History

You see here a bolt.
You hear a distant "Zot"!
The stone giant hits you!!
* * * LOW HITPOINT WARNING * * *
An ironheart preserver simulacrum comes into view.
The stone giant throws a large rock.
The large rock hits you!!
* * * LOW HITPOINT WARNING * * *
You see here a large rock.
As you close the door, it creaks loudly!
The ogre mage gestures wildly while chanting.
The ogre mage seems to speed up.
You block the stone giant's attack.
Your shield and plate armour of the First Beds prevent you from hitting the stone giant.
You block the stone giant's attack.
You bludgeon the stone giant!!
The stone giant is moderately wounded.
You block the stone giant's attack.
You hit the stone giant but do no damage.
The stone giant is moderately wounded.
The stone giant hits you!!
You die...

........ . ##
### ......>.
#'#. .. .
z.......
.'..####. ..
........
#.O#.#'## ...
........
#'u...### ....
##...##.# .....
#...cO#.#......
##'#.#C@+..Z...
..####..#......
#... ##.# .....
#'## ### ##'#
#. . ' .


You could see a stone giant, a white ugly thing, a yaktaur and 2 ogres.

Vanquished Creatures
  Bai Suzhen (Snake:3)
  2 bone dragons
  2 tentacled monstrosities
  Rupert (D:13)
  Kirke (D:15)
  2 tentacled starspawn (Abyss:3)
  2 thorn hunters
  13 nagarajas
  Donald (Snake:2)
  The ghost of infcreate the Severer, a journeyman MiFi of Okawaru (Snake:4)
  Louise (D:14)
  2 vault wardens
  An orc warlord (Orc:2)
  An ironheart preserver (Vaults:2)
  A reaper (Abyss:3)
  2 entropy weavers (Vaults:1)
  2 stone giants (Vaults:2)
  A dire elephant (D:15)
  A minotaur (Lab)
  Josephine (D:11)
  Fannar (D:11)
  A great orb of eyes (Vaults:2)
  A fire dragon (Vaults:2)
  5 yaktaur captains
  A great orb of eyes (shapeshifter) (Vaults:2)
  10 hydras
  4 vault guards
  3 ice dragons
  17 naga warriors
  2 rakshasas
  2 centaur warriors
  A catoblepas (Lair:5)
  17 anacondas
  An ogre mage (Vaults:3)
  5 ghost crabs
  3 death knights
  11 two-headed ogres
  7 alligators
  16 spriggans
  Urug (D:12)
  2 orc high priests (Orc:2)
  5 death yaks (Lair:5)
  A thrashing horror (Abyss:3)
  14 naga sharpshooters
  4 shock serpents
  Sonja (D:14)
  4 salamander mystics
  13 skeletal warriors
  A wretched star (Abyss:3)
  4 deep trolls (Vaults:2)
  3 unseen horrors
  9 naga ritualists
  4 swamp dragons
  3 shambling mangroves
  2 flayed ghosts
  11 orc knights
  4 phantasmal warriors
  A necromancer (Vaults:2)
  3 ironbrand convokers
  9 mana vipers
  3 orc sorcerers
  26 ugly things
  A manticore (D:15)
  2 worldbinders (Abyss:3)
  9 cyclopes
  5 centaur zombies
  6 elephants (Lair:2)
  2 wolf spiders
  An orange demon (Abyss:3)
  13 salamanders
  3 ice statues (IceCv)
  5 vault sentinels
  A guardian serpent (shapeshifter) (Vaults:2)
  16 naga magi
  14 guardian serpents
  A smoke demon (Abyss:3)
  2 gargoyles
  30 black mambas
  2 efreet
  A kobold demonologist (D:14)
  13 spiny frogs
  A rime drake (Lair:2)
  3 swamp worm zombies (Swamp:4)
  A hellion (Abyss:3)
  5 komodo dragons
  A hellwing (Abyss:3)
  14 yaktaurs
  8 freezing wraiths
  A red devil (D:8)
  5 hydra zombies (Swamp:4)
  5 trolls
  3 polar bears (Lair:6)
  11 bog bodies
  8 tyrant leeches
  19 hornets
  26 blink frogs
  7 dream sheep (Lair:4)
  10 hippogriffs
  6 raiju (Abyss:3)
  29 slime creatures
  3 spectral swamp dragons (Swamp:4)
  5 alligator zombies (Swamp:4)
  11 redbacks
  4 flying skulls (D:13)
  11 shadows
  A meliai zombie (D:13)
  2 ynoxinuls (Abyss:3)
  15 wraiths
  A vampire (D:14)
  3 wyverns
  2 hogs
  16 humans
  3 basilisks
  Eustachio (D:4)
  51 yaks
  2 hungry ghosts
  18 vampire mosquitoes
  A human simulacrum (Vaults:1)
  A steam dragon (D:10)
  A neqoxec (Abyss:3)
  Edmund (D:4)
  58 nagas
  24 swamp worms
  A warg (Orc:1)
  22 insubstantial wisps
  4 acid dragons
  A soldier ant (D:14)
  19 water moccasins
  A large abomination (Abyss:3)
  10 black bears
  10 porcupines
  8 ice beasts
  3 swamp drakes
  5 sky beasts
  33 orc warriors
  A hornet zombie (D:9)
  A necrophage (D:13)
  2 swamp dragon zombies (Swamp:4)
  3 small abominations (Abyss:3)
  14 ogres
  2 boggarts (Lair:6)
  8 centaurs
  10 crocodiles
  4 phantoms
  29 wolves
  4 big kobolds
  3 wyvern zombies
  16 bullfrogs
  2 wyvern skeletons (D:13)
  5 scorpions
  The ghost of Iko the Skirmisher, a weakling DsWn (D:8)
  8 killer bees
  An orc simulacrum (Vaults:1)
  2 wights (D:13)
  2 electric eels (Lair:2)
  3 howler monkeys
  A bullfrog zombie (D:13)
  5 crimson imps
  4 lava snakes (Lab)
  4 hounds
  4 starcursed masses (Abyss:3)
  2 jellies
  7 bullfrog skeletons
  12 centaur skeletons
  12 orc priests
  19 orc wizards
  2 iguanas
  4 spectral swamp drakes (Swamp:4)
  11 worker ants
  2 hound zombies
  3 hound skeletons
  A worker ant zombie (D:10)
  4 gnolls
  A howler monkey skeleton (D:6)
  A swamp drake zombie (Swamp:4)
  14 adders
  7 shadow imps
  An ufetubus (Abyss:3)
  An ooze (D:2)
  2 adder zombies (D:7)
  An adder skeleton (D:6)
  2 worms
  3 dart slugs
  5 leopard geckos
  50 orcs
  An orc (shapeshifter) (Vaults:2)
  3 bats
  3 giant cockroaches
  2 gnoll zombies (D:2)
  4 goblins
  11 hobgoblins
  15 jackals
  9 quokkas
  2 ball pythons (D:4)
  4 frilled lizards
  15 kobolds
  4 rats
  2 fungi (Lair:6)
  A starspawn tentacle (Abyss:3)
1299 creatures vanquished.

Vanquished Creatures (others)
  Vashnia (Snake:2)
  A centaur warrior (D:14)
  5 naga sharpshooters
  A spriggan druid (Swamp:4)
  A salamander (Snake:1)
  A black mamba (Snake:4)
  A naga mage (Snake:3)
  6 yaktaurs (Vaults:2)
  An ancient zyme (Abyss:3)
  A hornet (Swamp:4)
  A hippogriff (D:14)
  2 centaur simulacra (D:14)
  2 spriggans (Swamp:4)
  An insubstantial wisp (Swamp:4)
  6 centaurs
  An adder (D:11)
  A kobold (D:15)
  2 briar patches (Swamp:2)
  18 fungi
  5 plants
  6 starspawn tentacles (Abyss:3)
64 creatures vanquished.

Grand Total: 1363 creatures vanquished

Notes
Turn   | Place    | Note
-------+----------+-------------------------------------------
     0 | D:1      | microfolk the Gargoyle Fighter began the quest for the Orb.
     0 | D:1      | Reached XP level 1. HP: 14/14 MP: 1/1
   125 | D:1      | Reached XP level 2. HP: 19/19 MP: 2/2
   317 | D:1      | You fall through a shaft!
   379 | D:1      | Reached XP level 3. HP: 14/23 MP: 3/3
   742 | D:2      | Reached XP level 4. HP: 26/29 MP: 4/4
   841 | D:2      | Found a hazy altar of Hepliaklqana.
  1077 | D:2      | Found a basalt altar of Yredelemnul.
  1403 | D:3      | Reached skill level 4 in Shields
  1403 | D:3      | Reached XP level 5. HP: 33/33 MP: 5/5
  1838 | D:4      | Noticed Edmund
  1845 | D:4      | Got a silken robe
  1864 | D:4      | Killed Edmund
  1864 | D:4      | Reached XP level 6. HP: 32/39 MP: 6/6
  2201 | D:4      | Reached skill level 5 in Maces & Flails
  2201 | D:4      | Reached XP level 7. HP: 44/44 MP: 7/7
  2766 | D:4      | Noticed Eustachio
  2777 | D:4      | Killed Eustachio
  2777 | D:4      | Reached skill level 5 in Fighting
  2777 | D:4      | Reached skill level 5 in Armour
  2794 | D:4      | Found an ancient bone altar of Kikubaaqudgha.
  2860 | D:4      | Found a blossoming altar of Fedhas.
  3014 | D:5      | Entered Level 5 of the Dungeon
  3137 | D:5      | Reached XP level 8. HP: 47/50 MP: 8/8
  3410 | D:5      | Found a shadowy altar of Dithmenos.
  3430 | D:5      | Found a glowing silver altar of Zin.
  3695 | D:6      | Found a sacrificial altar of Ru.
  3863 | D:6      | Found an opulent altar of Gozag.
  4599 | D:6      | Reached XP level 9. HP: 54/56 MP: 9/9
  4843 | D:7      | Found a staircase to the Ecumenical Temple.
  4849 | Temple   | Entered the Ecumenical Temple
  4902 | Temple   | Became a worshipper of Cheibriados the Contemplative
  5278 | D:7      | Found a sacrificial altar of Ru.
  5494 | D:8      | Noticed Iko's ghost (weakling DsWn)
  5514 | D:8      | Killed Iko's ghost
  5514 | D:8      | Reached * piety under Cheibriados
  5698 | D:8      | Learned a level 2 spell: Blink
  5726 | D:8      | Noticed a rust devil
  5726 | D:8      | Found a burning altar of Makhleb.
  5766 | D:8      | Noticed a two-headed ogre
  5778 | D:8      | Killed a two-headed ogre
  5778 | D:8      | Reached XP level 10. HP: 28/64 MP: 9/11
  6122 | D:8      | Noticed a two-headed ogre
  6136 | D:8      | Killed a two-headed ogre
  6136 | D:8      | Reached skill level 10 in Maces & Flails
  6283 | D:8      | Noticed Gastronok
  6771 | D:8      | Found a sparkling altar of Nemelex Xobeh.
  6793 | D:8      | Reached ** piety under Cheibriados
  7633 | D:9      | Reached XP level 11. HP: 65/71 MP: 14/14
  8270 | D:9      | Found a staircase to the Lair.
  8437 | D:9      | Identified the cursed +1 robe of the Unbroken {Slay+3} (You found it on level 4 of the Dungeon)
  8504 | D:10     | Entered Level 10 of the Dungeon
  8542 | D:10     | Reached *** piety under Cheibriados
  8542 | D:10     | Reached skill level 5 in Invocations
  8829 | D:10     | Killed an unseen horror
  8988 | D:10     | Got a distressingly furry ring mail
  8999 | D:10     | Identified the +2 ring mail "Zetahyiwn" {Dex+7} (You found it on level 10 of the Dungeon)
  9155 | D:10     | Noticed a two-headed ogre
  9171 | D:9      | Killed a two-headed ogre
  9362 | D:10     | Reached skill level 10 in Armour
  9389 | D:10     | Reached skill level 10 in Fighting
  9452 | D:10     | Reached **** piety under Cheibriados
  9681 | Lair:1   | Entered Level 1 of the Lair of Beasts
  9802 | D:11     | Noticed Josephine
  9949 | D:11     | Found a staircase to the Orcish Mines.
  9960 | D:11     | Found a roughly hewn altar of Beogh.
 10168 | D:11     | Reached ***** piety under Cheibriados
 10186 | D:11     | Reached XP level 12. HP: 77/77 MP: 16/16
 10344 | D:11     | Noticed a death knight
 11154 | Lair:1   | Found the +8 whip "Snakebite" {curare, rPois}
 11500 | Lair:1   | Noticed a five-headed hydra
 11506 | Lair:1   | Killed a five-headed hydra
 11830 | Lair:2   | Reached ****** piety under Cheibriados
 12064 | Lair:2   | Reached XP level 13. HP: 84/84 MP: 18/18
 12072 | Lair:2   | Reached skill level 1 in Translocations
 12780 | Lair:3   | Found a staircase to the Snake Pit.
 12882 | Lair:3   | Found a staircase to the Swamp.
 13463 | Lair:4   | Found a labyrinth entrance.
 13473 | Lab      | Entered a labyrinth
 13838 | Lab      | Noticed a minotaur
 13856 | Lab      | Killed a minotaur
 13858 | Lab      | Got a shimmering tin ring
 13859 | Lab      | Got a jewelled plate armour
 13870 | Lab      | Identified the +8 plate armour of the First Beds {*Slow +Inv Int+3} (You took it off a minotaur in a labyrinth)
 13978 | Lab      | Identified the Handbook of Supportive Toxins
 13982 | Lab      | Identified the ring "Yteesk Aqaxt" {*Corrode rF- rC++ SInv Stlth+} (You took it off a minotaur in a labyrinth)
 14026 | Lair:4   | Reached skill level 5 in Translocations
 15210 | Lair:5   | Gained mutation: Your large and strong wings let you fly indefinitely. [Gargoyle growth]
 15210 | Lair:5   | Reached XP level 14. HP: 94/94 MP: 19/19
 15581 | Lair:6   | Entered Level 6 of the Lair of Beasts
 15600 | Lair:6   | Reached skill level 1 in Spellcasting
 16022 | Lair:6   | Found a staircase to the Slime Pits.
 17716 | Lair:6   | Found a staircase to the Slime Pits.
 17958 | Orc:1    | Entered Level 1 of the Orcish Mines
 18170 | Orc:2    | Entered Level 2 of the Orcish Mines
 18223 | Orc:2    | Noticed an orc warlord
 18441 | Orc:2    | Paralysed by an orc sorcerer for 7 turns
 18572 | Orc:2    | Killed an orc warlord
 18641 | Orc:2    | Found Ifatudik's Antique Armour Shoppe.
 18731 | Orc:1    | Found Manihal's Assorted Antiques.
 18890 | Orc:2    | Bought a pair of warped boots for 304 gold pieces
 18895 | Orc:2    | Identified the +1 pair of boots "Caigav" {+Inv} (You bought it in a shop on level 2 of the Orcish Mines)
 18968 | Orc:2    | Found a roughly hewn altar of Beogh.
 18973 | Orc:2    | Found a staircase to the Elven Halls.
 19271 | Orc:2    | Found Womuygec's General Store.
 19450 | Orc:2    | Found Utul's Book Shoppe.
 19510 | Orc:2    | Found Liurej's Assorted Antiques.
 19516 | Orc:2    | Bought an iridescent mace for 216 gold pieces
 19521 | Orc:2    | Identified the +8 mace "Zuettat" {vamp, +Blink rPois rC-} (You bought it in a shop on level 2 of the Orcish Mines)
 19556 | Orc:2    | Found Ahaiwn's Antique Weapon Emporium.
 19661 | Orc:2    | Bought the ring "Quudeij" {rF+ rC++} for 693 gold pieces
 19661 | Orc:2    | Bought a ration for 70 gold pieces
 19836 | D:11     | Killed Josephine
 19836 | D:11     | Reached XP level 15. HP: 101/101 MP: 21/21
 19926 | D:11     | Noticed Fannar
 19960 | D:11     | Killed Fannar
 20823 | D:12     | Noticed Urug
 20836 | D:12     | Killed Urug
 21230 | D:13     | Found a gate to the Vaults.
 21230 | D:13     | Noticed Rupert
 21447 | D:12     | Reached skill level 10 in Invocations
 21525 | D:12     | Reached skill level 15 in Armour
 21544 | D:12     | Reached skill level 15 in Fighting
 21595 | D:13     | Paralysed by Rupert for 3 turns
 21607 | D:13     | Killed Rupert
 22371 | D:13     | Found a shadowy altar of Dithmenos.
 22660 | D:13     | Found an ancient bone altar of Kikubaaqudgha.
 22769 | D:14     | Found a frozen archway.
 22812 | IceCv    | Entered an ice cave
 23084 | IceCv    | Got a scintillating bone ring
 23086 | IceCv    | Identified the ring "Teung" {+Blink MR- AC+4 Slay-3 Stlth+} (You found it in an ice cave)
 23294 | D:14     | Found an opulent altar of Gozag.
 23395 | D:14     | Noticed Sonja
 23397 | D:14     | Killed Sonja
 23421 | D:14     | Reached XP level 16. HP: 101/108 MP: 24/24
 23493 | D:14     | Found a portal to a secret trove of treasure.
 23726 | D:14     | Noticed Louise
 23751 | D:14     | Killed Louise
 23976 | D:15     | Entered Level 15 of the Dungeon
 24052 | D:15     | Noticed Kirke
 24093 | D:15     | Noticed Roxanne
 24392 | Swamp:1  | Entered Level 1 of the Swamp
 25432 | Swamp:2  | Learned a level 9 spell: Shatter
 25849 | Swamp:2  | Noticed a thorn hunter
 25858 | Swamp:2  | Killed a thorn hunter
 25858 | Swamp:2  | Reached skill level 5 in Shields
 26142 | Swamp:3  | Reached skill level 6 in Shields
 26244 | Swamp:3  | Noticed a tentacled monstrosity
 26266 | Swamp:2  | Killed a tentacled monstrosity
 26534 | Swamp:3  | Reached skill level 7 in Shields
 27032 | Swamp:4  | Entered Level 4 of the Swamp
 27054 | Swamp:4  | Noticed a thorn hunter
 27066 | Swamp:4  | Killed a thorn hunter
 27316 | Swamp:4  | Reached skill level 8 in Shields
 27354 | Swamp:4  | Reached XP level 17. HP: 35/116 MP: 26/26
 27551 | Swamp:4  | Reached skill level 9 in Shields
 27578 | Swamp:4  | Noticed a bone dragon
 27602 | Swamp:4  | Killed a bone dragon
 27842 | Swamp:4  | Reached skill level 10 in Shields
 27950 | Swamp:4  | Got a decaying rune of Zot
 28511 | Snake:1  | Entered Level 1 of the Snake Pit
 28561 | Snake:1  | Found the +2 robe of Vines {NoPotionHeal Regen+7}
 28650 | Snake:1  | Learned a level 5 spell: Lee's Rapid Deconstruction
 28842 | Snake:1  | Reached skill level 11 in Shields
 29081 | Snake:2  | Found Mapask's Weapon Shoppe.
 29117 | Snake:2  | Noticed Donald
 29135 | Snake:2  | Killed Donald
 29295 | Snake:2  | Reached skill level 12 in Shields
 29609 | Snake:2  | Noticed Vashnia
 29632 | Snake:2  | Killed Vashnia
 29632 | Snake:2  | Reached skill level 13 in Shields
 29632 | Snake:2  | Reached XP level 18. HP: 124/124 MP: 25/27
 29752 | Snake:3  | Found a bloodstained altar of Trog.
 29987 | Snake:3  | Reached skill level 14 in Shields
 30012 | Snake:3  | Paralysed by a naga mage for 6 turns
 30022 | Snake:3  | Paralysed by a naga mage for 4 turns
 30411 | Snake:4  | Entered Level 4 of the Snake Pit
 30456 | Snake:4  | Noticed infcreate's ghost (journeyman MiFi)
 30458 | Snake:4  | Noticed Bai Suzhen
 30500 | Snake:3  | Killed Bai Suzhen
 30500 | Snake:3  | Reached skill level 15 in Shields
 30635 | Snake:4  | Killed infcreate's ghost
 31174 | Snake:4  | Reached skill level 16 in Shields
 31732 | Snake:4  | Reached skill level 17 in Shields
 31732 | Snake:4  | Reached XP level 19. HP: 113/130 MP: 28/28
 32091 | Snake:4  | Reached skill level 18 in Shields
 32212 | Snake:4  | Got a serpentine rune of Zot
 32741 | D:15     | Found a staircase to the Depths.
 32863 | D:15     | Killed Kirke
 33201 | Vaults:1 | Entered Level 1 of the Vaults
 33449 | Vaults:1 | Reached skill level 19 in Shields
 35081 | Vaults:2 | Reached skill level 20 in Shields
 35329 | Vaults:2 | Paralysed by a great orb of eyes for 2 turns
 35347 | Vaults:2 | Reached XP level 20. HP: 125/136 MP: 26/29
 35941 | Vaults:2 | Noticed a bone dragon
 35961 | Vaults:2 | Killed a bone dragon
 35964 | Vaults:2 | Found a staircase to the Crypt.
 36423 | Vaults:2 | Reached skill level 21 in Shields
 36577 | Vaults:3 | Paralysed by the power of Zot for 4 turns
 36626 | Vaults:3 | Identified a scroll of acquirement
 36674 | Vaults:3 | Got a jewelled large shield
 36677 | Vaults:3 | Cast into level 3 of the Abyss (the power of Zot)
 36683 | Abyss:3  | Identified the +4 large shield of Immorality {rElec rPois Str-5} (You acquired it on level 3 of the Vaults)
 36971 | Abyss:3  | Paralysed by an orc sorcerer for 5 turns
 36979 | Abyss:3  | Gained mutation: Your body sometimes deteriorates upon taking damage. [a neqoxec]
 37022 | Abyss:3  | Found a corrupted altar of Lugonu.
 37181 | Abyss:3  | Paralysed by accursed screaming for 1 turns
 37189 | Abyss:3  | Paralysed by accursed screaming for 2 turns
 37206 | Abyss:3  | Paralysed by accursed screaming for 1 turns
 37218 | Vaults:3 | Escaped the Abyss
 37220 | Vaults:3 | HP: 4/136 [orc priest/nerve-wracking pain[an orc knight] (7)]
 37234 | Vaults:3 | HP: 6/136 [stone giant/large rock (19)]
 37238 | Vaults:3 | Demolished by a stone giant

Skill      XL: |  1  2  3  4  5  6  7  8  9 10 11 12 13 14 15 16 17 18 19 20 |
---------------+-------------------------------------------------------------+-----
Maces & Flails | 3 4 5 6 8 9 11 12 14 | 14.0
Armour         | 4 5 6 8 9 10 11 13 14 15 16 | 16.8
Shields        | 4 8 13 17 20 21 | 21.7
Fighting       | 4 5 6 8 9 10 11 13 14 15 16 17 18 | 18.0
Invocations    | 2 4 6 7 8 11 12 | 12.0
Translocations | 6 |  6.0
Spellcasting   | 4 |  4.0

Action                   |  1- 3 |  4- 6 |  7- 9 | 10-12 | 13-15 | 16-18 | 19-21 || total
-------------------------+-------+-------+-------+-------+-------+-------+-------++-------
Melee: Flail             |    75 |   136 |   314 |   545 |       |       |       ||  1070
       Whip              |       |       |       |   104 |   761 |       |       ||   865
       Mace              |       |       |       |       |   744 |  1912 |  1293 ||  3949
 Fire: Hunting sling     |       |     1 |     2 |       |       |       |       ||     3
 Cast: Blink             |       |       |       |       |    11 |       |     1 ||    12
Invok: Temporal Distorti |       |       |       |     1 |     2 |       |       ||     3
       Bend Time         |       |       |       |     1 |       |     2 |     2 ||     5
       Slouch            |       |       |       |       |     2 |     8 |     7 ||    17
       Step From Time    |       |       |       |       |       |       |     2 ||     2
 Abil: Fly               |       |       |       |       |     1 |       |       ||     1
       Stop Flying       |       |       |       |       |       |       |     1 ||     1
Evoke: Wand              |       |       |       |     3 |    12 |     6 |       ||    21
  Use: Scroll            |       |     4 |     6 |    12 |    11 |     7 |     6 ||    46
       Potion            |       |       |     1 |       |     4 |       |     1 ||     6
 Stab: Petrified         |       |       |       |       |     4 |       |       ||     4
  Eat: Chunk             |       |     4 |    12 |    10 |    15 |    15 |     4 ||    60
       Ration            |       |       |       |     1 |     4 |     2 |     2 ||     9
Armor: Scale mail        |    70 |    65 |   117 |       |       |       |       ||   252
       Plate armour      |       |       |    63 |   317 |   851 |  1299 |   557 ||  3087
Dodge: Dodged            |    40 |    49 |    95 |   114 |   217 |   348 |   184 ||  1047
Block: Shield            |    60 |    77 |   217 |   295 |   959 |   873 |       ||  2481
       Reflection        |       |     1 |    14 |       |    32 |   217 |   127 ||   391
       Large shield      |       |       |       |       |       |  1375 |  1790 ||  3165
